 Dungeon Crawl Stone Soup version 0.30.1-9-gdf580d7c3d (webtiles) character file.

Game seed: 9281194049922535674

3656 arthad the Thaumaturge (level 9, 0/64 HPs)
             Began as a Spriggan Earth Elementalist on Oct 10, 2023.
             Was an Initiate of Gozag.
             Succumbed to Erica's bolt of poison
             ... on level 8 of the Dungeon.
             The game lasted 00:19:30 (9157 turns).

arthad the Thaumaturge (SpEE)                       Turns: 9157, Time: 00:19:31

Health: 0/64       AC: 24    Str:  2 (4)  XL:     9   Next: 88%
Magic:  10/22      EV:  4    Int: 20 (21) God:    Gozag
Gold:   753        SH:  0    Dex: 12 (15) Spells: 14/24 levels left

rFire   + . .        w - +1 whip (elec)
rCold   + . .        (no shield)
rNeg    . . .        O - melded +2 robe {Will+}
rPois   +            (helmet currently unavailable)
rElec   +            (cloak currently unavailable)
rCorr   +            (gloves unavailable)
SInv    +            (boots unavailable)
Will    +....        (no amulet)
Stlth   ++++         (no ring)
HPRegen 0.30/turn    (no ring)
MPRegen 0.18/turn

%: no passive effects
@: lethally poisoned (0 -> -11), tree-form, resistant
A: stationary, stasis, torment immunity, boosted hp, very small, no large
weapons, unfitting armour, see invisible, (speed 3)
a: Renounce Religion, Potion Petition, Call Merchant, Bribe Branch


You were on level 8 of the Dungeon.
You worshipped Gozag.
Gozag was pleased with you.
You were a tree.
You visited 2 branches of the dungeon, and saw 9 of its levels.

You collected 916 gold pieces.
You spent 99 gold pieces at shops.
You paid 64 gold pieces to Gozag.

Inventory:

Hand Weapons
 u - a +0 dagger of holy wrath
 w - a +1 whip of electrocution (weapon)
 F - a +2 broad axe of flaming
 P - a +1 war axe of venom
Missiles
 f - 7 boomerangs
 j - a curare-tipped dart
 q - 11 poisoned darts
 M - 2 throwing nets
Armour
 a - a +0 robe
 B - a +2 animal skin
 L - +0 acid dragon scales
 O - a +2 robe of willpower (melded)
Wands
 d - a wand of charming (9)
 k - a wand of roots (21)
 l - a wand of digging (9)
Scrolls
 c - 2 scrolls of poison
 h - 2 scrolls of blinking
 o - a scroll of acquirement {unknown}
 p - a scroll of fear
 r - a scroll of summoning {unknown}
 s - 3 scrolls of fog
 t - a scroll of noise
 y - a scroll of vulnerability
 z - a scroll of immolation {unknown}
 C - a scroll of teleportation
 D - 4 scrolls of enchant weapon
 G - 3 scrolls of enchant armour
 Q - a scroll of magic mapping
Potions
 b - a potion of magic
 e - a potion of ambrosia {unknown}
 g - 7 potions of brilliance
 m - 2 potions of flight
 n - a potion of heal wounds {unknown}
 v - a potion of might {unknown}
 x - 2 potions of attraction
 A - a potion of lignification
 E - 2 potions of haste
 H - a potion of resistance
 I - a potion of cancellation {unknown}
 J - 2 potions of mutation {unknown}
 K - 2 potions of curing {unknown}
 N - 2 potions of degeneration


   Skills:
 + Level 2.5 Fighting
 + Level 6.6 Dodging
 + Level 7.7 Stealth
 * Level 8.0 Spellcasting
 * Level 4.4 Conjurations
 + Level 5.9 Transmutations
 * Level 6.3 Earth Magic
 + Level 4.1 Evocations


You had 14 spell levels left.
You knew the following spells:

 Your Spells              Type           Power      Damage    Failure   Level
a - Sandblast             Erth           66%        2d15      1%          1
b - Passwall              Tmut/Erth      26%        N/A       1%          2
c - Stone Arrow           Conj/Erth      58%        3d10      2%          3
d - Petrify               Tmut/Erth      32%        N/A       7%          4

Your spell library contained the following spells:

 Spells                   Type           Power      Damage    Failure   Level


Dungeon Overview and Level Annotations

Branches:
Dungeon (8/15)             Temple (1/1) D:4
   Lair: D:8-11

Altars:
Ashenzari
Cheibriados
Dithmenos
Elyvilon
Fedhas
Gozag
Hepliaklqana
Kikubaaqudgha
Makhleb
Nemelex Xobeh
Okawaru
Qazlal
Sif Muna
Trog
Uskayaw
Vehumet
Wu Jian
Xom
Yredelemnul
Zin
The Shining One

Shops:
D:4 (*   D:6 :   D:7 *[

Annotations:
D:4 3 runed translucent doors, Psyclone's ghost, weakling DECj
D:8 Erica


Innate Abilities, Weirdness & Mutations

You are a tree.
Your roots penetrate the ground, keeping you stationary.
You cannot be teleported.
You are immune to unholy pain and torment.
Your maximum health is greatly increased.
Your equipment is partially melded.
You are very small and have problems with some larger weapons.
You are too small for most types of armour.
You have supernaturally acute eyesight. (SInv)
((You cover ground extremely quickly. (Speed+++)))


Message History

Erica casts a spell at you.
You easily resist.
Casting: Sandblast (safe; 1% risk of failure)
Confirm with . or Enter, or press ? or * to list all spells.
Aiming: Stone Arrow (dangerous; 2% risk of failure)
Press: ? - help, Shift-Dir - straight line, f/p - Erica
Aim: Erica, wielding a +1 scimitar of flaming and wearing a +0 robe (68% to hit)
The stone arrow misses Erica.
Casting: Stone Arrow (dangerous; 2% risk of failure)
Confirm with . or Enter, or press ? or * to list all spells.
Aiming: Stone Arrow (dangerous; 2% risk of failure)
Press: ? - help, Shift-Dir - straight line, f/p - Erica
Aim: Erica, wielding a +1 scimitar of flaming and wearing a +0 robe (68% to hit)
The stone arrow hits Erica!
Erica is moderately wounded.
Casting: Stone Arrow (dangerous; 2% risk of failure)
Confirm with . or Enter, or press ? or * to list all spells.
Aiming: Stone Arrow (dangerous; 2% risk of failure)
Press: ? - help, Shift-Dir - straight line, f/p - Erica
Aim: Erica, wielding a +1 scimitar of flaming and wearing a +0 robe (moderately wounded, 68% to hit)
The stone arrow hits Erica!
Erica is heavily wounded.
Erica casts a spell at you. The bolt of poison hits you.
You are lethally poisoned!
You resist.
* * * LOW HITPOINT WARNING * * *
Casting: Stone Arrow (dangerous; 2% risk of failure)
Confirm with . or Enter, or press ? or * to list all spells.
Aiming: Stone Arrow (dangerous; 2% risk of failure)
Press: ? - help, Shift-Dir - straight line, f/p - Erica
Aim: Erica, wielding a +1 scimitar of flaming and wearing a +0 robe (heavily wounded, 68% to hit)
The stone arrow hits Erica!
Erica is severely wounded.
* * * LOW HITPOINT WARNING * * *
You feel very sick.
It was a potion of resistance.
You feel protected.
You die...
Your body crumbles into a pile of gold.

##....#
##.....##
##.......#
#........##
......../.#
..........#
..........#
(..$...<@♣#
...(......#
...........#
(...>..###.#
....... ##
.......
.......
.......


You could see Erica.

Vanquished Creatures
  Pikel (D:6)
  Maggie (D:7)
  A wraith (D:6)
  A shadow (D:7)
  Duvessa (D:6)
  2 sky beasts (D:7)
  2 black bears
  An ice beast (D:5)
  An orc warrior (D:6)
  2 ogres
  2 kobold brigands (D:7)
  A phantom (D:4)
  2 bullfrogs
  A gnoll sergeant (D:5)
  5 scorpions
  4 wights (D:5)
  Dowan (D:6)
  A howler monkey (D:6)
  4 hounds
  A gnoll bouda (D:6)
  Jessica (D:2)
  5 iguanas
  Ijyb (D:5)
  A sleepcap (D:5)
  2 orc wizards
  Robin (D:2)
  19 gnolls
  4 adders
  A shadow imp (D:7)
  A white imp (D:6)
  An ufetubus (D:6)
  A worm (D:2)
  6 dart slugs
  12 orcs
  5 ball pythons
  3 bats (D:1)
  11 endoplasms
  5 giant cockroaches
  15 goblins
  13 hobgoblins
  4 jackals (D:4)
  16 kobolds
  5 quokkas
  2 frilled lizards
  3 rats
173 creatures vanquished.

Notes
Turn   | Place    | Note
-------+----------+-------------------------------------------
     0 | D:1      | arthad the Spriggan Earth Elementalist began the quest for
                  | the Orb.
     0 | D:1      | Reached XP level 1. HP: 9/9 MP: 5/5
   138 | D:1      | Reached XP level 2. HP: 13/13 MP: 4/6
   193 | D:1      | You fall into a shaft and drop 1 floor!
   247 | D:2      | Reached skill level 3 in Spellcasting
   347 | D:2      | Found a hide-covered altar of Uskayaw.
   350 | D:2      | Noticed Jessica
   354 | D:2      | Killed Jessica
   355 | D:2      | Reached XP level 3. HP: 6/16 MP: 4/8
   377 | D:2      | Learned a level 2 spell: Passwall
   381 | D:2      | Learned a level 3 spell: Stone Arrow
   709 | D:2      | Reached XP level 4. HP: 21/21 MP: 8/10
  1609 | D:2      | Noticed Robin
  1642 | D:2      | Killed Robin
  1814 | D:2      | Found a faded altar of an unknown god.
  1922 | D:3      | Reached skill level 1 in Conjurations
  1931 | D:3      | Reached XP level 5. HP: 18/24 MP: 6/11
  2264 | D:3      | Reached skill level 4 in Spellcasting
  2675 | D:4      | Noticed a phantom
  2681 | D:4      | Killed a phantom
  2682 | D:4      | Reached XP level 6. HP: 28/28 MP: 3/13
  2806 | D:4      | Found a blossoming altar of Fedhas.
  2952 | D:4      | Found a runed translucent gate.
  2952 | D:4      | Found a runed translucent gate.
  2953 | D:4      | Found a runed translucent gate.
  2955 | D:4      | Noticed Psyclone's ghost (weakling DECj)
  3051 | D:4      | Found a basalt altar of Yredelemnul.
  3195 | D:4      | Found Ohuruoph's Weapon Shoppe.
  3262 | D:4      | Found a hide-covered altar of Uskayaw.
  3271 | D:4      | Found a staircase to the Ecumenical Temple.
  3293 | D:4      | Found Roliock's Assorted Antiques.
  3304 | Temple   | Entered the Ecumenical Temple
  3432 | Temple   | Became a worshipper of Gozag Ym Sagoz the Greedy
  3569 | D:4      | Bought a sedimented purple potion for 18 gold pieces
  3569 | D:4      | Bought a scroll labelled HOFAPA UXTI for 21 gold pieces
  3569 | D:4      | Bought a scroll labelled LOYVEN DUHOV for 21 gold pieces
  3569 | D:4      | Bought a fizzy orange potion for 18 gold pieces
  3740 | D:5      | Entered Level 5 of the Dungeon
  3871 | D:5      | Found a radiant altar of Vehumet.
  4025 | D:5      | Reached XP level 7. HP: 32/32 MP: 8/15
  4162 | D:5      | Reached skill level 5 in Stealth
  4162 | D:5      | Reached skill level 5 in Spellcasting
  4244 | D:5      | Noticed Ijyb
  4249 | D:5      | Killed Ijyb
  4679 | D:4      | Learned a level 4 spell: Petrify
  5133 | D:5      | Reached skill level 1 in Evocations
  5147 | D:5      | Reached skill level 5 in Dodging
  5147 | D:5      | Reached XP level 8. HP: 37/37 MP: 9/17
  5364 | D:5      | Reached skill level 6 in Spellcasting
  5367 | D:5      | Reached skill level 5 in Earth Magic
  5924 | D:6      | Reached skill level 1 in Fighting
  5997 | D:6      | Noticed Dowan
  5998 | D:6      | Noticed Duvessa
  6216 | D:6      | Killed Dowan
  6340 | D:6      | Killed Duvessa
  6432 | D:6      | Found a sparkling altar of Nemelex Xobeh.
  6565 | D:6      | Noticed Pikel
  6580 | D:6      | Killed Pikel
  6581 | D:6      | Reached skill level 7 in Spellcasting
  6581 | D:6      | Reached skill level 5 in Transmutations
  6581 | D:6      | Reached XP level 9. HP: 23/42 MP: 0/20
  6961 | D:6      | Found an iron altar of Okawaru.
  6961 | D:6      | Found a shadowy altar of Dithmenos.
  7371 | D:6      | Found Fece's Vocational Training.
  7884 | D:7      | Noticed Maggie
  7893 | D:7      | Killed Maggie
  8422 | D:7      | Found Lurphyohenn's Assorted Antiques.
  8429 | D:7      | Bought a scroll labelled PEPESHR WOPO for 21 gold pieces
  8760 | D:7      | Found Miypizos's Armour Emporium.
  9026 | D:7      | Reached skill level 8 in Spellcasting
  9147 | D:8      | Noticed Erica
  9156 | D:8      | HP: 2/64 [poisoned by Erica (bolt of poison)]
  9157 | D:8      | Succumbed to Erica's bolt of poison

Illustrated notes

Levels and vault maps discovered:
D:1:      eino_arrival_water_star, layout_basic
D:2:      layout_rooms, basic_altar, shapermc_ecumenical_altar_mp_vishouse,
          dreamdust_mushroom_princess, kennysheep_big_empty_room,
          kennysheep_flooded_box, dk_noncrumbling_4, grunt_ministairs_7,
          uniq_jessica, uniq_robin
D:3:      layout_basic
D:4:      layout_loops_ring, mainiacjoe_overflow_catwalk,
          lemuel_coloured_pillars_altar, mainiacjoe_overflow_paths,
          minmay_temple_entry_butterflies, gammafunk_ghost_necromancy,
          serial_shops, nicolae_shop_peninsula, shop
D:5:      layout_loops_corners, mainiacjoe_overflow_chevrons, uniq_ijyb
D:6:      minmay_angry_zag, layout_gridville, nemelex_dance_club_becter,
          jmf_multi_god_temple, nicolae_shop_vocational, uniq_duvessa,
          uniq_pikel
D:7:      layout_loops_corners, serial_shops, shop,
          nicolae_shop_getting_attention, chequers_serial_rivers_micro_d,
          chequers_serial_rivers_micro_d, uniq_maggie
D:8:      layout_cave_pods, mainiacjoe_overflow_cross_hatched, uniq_erica
Temple:   nicolae_temple_two_arcs

Skill      XL: |  1  2  3  4  5  6  7  8  9 |
---------------+----------------------------+-----
Dodging        | 3 4 5 6 |  6.6
Spellcasting   | 3 4 5 7 8 |  8.0
Transmutations | 2 3 4 5 |  5.9
Earth Magic    | 3 4 5 6 |  6.3
Stealth        | 4 5 6 7 |  7.7
Conjurations   | 1 2 3 4 |  4.4
Evocations     | 1 3 4 |  4.1
Fighting       | 1 2 |  2.5

Action                     |  1- 3 |  4- 6 |  7- 9 || total
---------------------------+-------+-------+-------++-------
  Melee: Whip              |       |     6 |     1 ||     7
  Throw: Dart              |       |       |     8 ||     8
         Throwing net      |       |       |     1 ||     1
         Boomerang         |       |       |     1 ||     1
   Cast: Sandblast         |    41 |   100 |    80 ||   221
         Stone Arrow       |       |    10 |    94 ||   104
  Evoke: Wand              |       |       |     2 ||     2
    Use: Scroll            |       |       |    17 ||    17
         Potion            |       |       |     3 ||     3
 Armour: Robe              |     1 |     4 |     4 ||     9
         Animal skin       |       |     2 |       ||     2
  Dodge: Dodged            |    10 |    37 |    48 ||    95
